 Dungeon Crawl Stone Soup version 0.23-a0-169-gb21e69520c (console) character file.

35 Heliocid the Conjurer (level 3, -1/26 HPs)
             Began as a Draconian Conjurer on Sept 12, 2018.
             Slain by a gnoll
             ... wielding a +0 flail
              (5 damage)
             ... on level 2 of the Dungeon.
             The game lasted 00:05:40 (1162 turns).

Heliocid the Conjurer (Draconian Conjurer)          Turns: 1162, Time: 00:05:40

Health: -1/26      AC:  5    Str:  7 (10) XL:     3   Next: 17%
Magic:  1/6        EV: 12    Int: 14 (16) God:
Gold:   23         SH:  0    Dex:  8 (11) Spells: 3/6 levels left

rFire    . . .     SeeInvis .   h - +0 dagger
rCold    . . .     Gourm    .   (no shield)
rNeg     . . .     Faith    .   (armour unavailable)
rPois    .         Spirit   .   (helmet restricted)
rElec    .         Reflect  .   (no cloak)
rCorr    .         Harm     .   (no gloves)
MR       .....                  (no boots)
Stlth    ++........             (no amulet)
HPRegen  0.08/turn              (no ring)
MPRegen  0.10/turn              (no ring)

@: no status effects
A: unfitting armour, cold-blooded, AC +5
a: no special abilities


You were on level 2 of the Dungeon.
You were not hungry.

You visited 1 branch of the dungeon, and saw 2 of its levels.

You collected 23 gold pieces.

Inventory:

Hand Weapons
 c - a +0 hunting sling
 h - a +0 dagger (weapon)
Scrolls
 d - 2 scrolls of enchant armour {unknown}
 e - a scroll of amnesia {unknown}
 i - a scroll of remove curse {unknown}
 k - a scroll of teleportation {unknown}
 l - 2 scrolls of identify {unknown}
 n - a scroll of fear {unknown}
Potions
 a - a potion of heal wounds {unknown}
 f - a potion of flight {unknown}
 j - a potion of brilliance {unknown}
 m - a potion of cancellation {unknown}
Comestibles
 b - 2 rations
 o - a chunk of flesh


   Skills:
 + Level 1.8 Dodging
 + Level 1.7 Stealth
 + Level 0.3 Unarmed Combat
 + Level 2.2 Spellcasting
 * Level 4.8 Conjurations


You had 3 spell levels left.
You knew the following spells:

 Your Spells              Type           Power        Failure   Level  Hunger
a - Magic Dart            Conj           ###.         3%          1    #......
b - Searing Ray           Conj           ###...       4%          2    ###....

Your spell library contained the following spells:

 Spells                   Type           Power        Failure   Level  Hunger
 Dazzling Spray           Conj/Hex       #.....       26%         3    ###....
 Iskenderun's Mystic Bla  Conj           ###.....     30%         4    #####..
 Force Lance              Conj/Tloc      #.......     63%         4    #####..
 Fulminant Prism          Conj/Hex       #.........   63%         4    #####..


Dungeon Overview and Level Annotations

Branches:
Dungeon (2/15)

Altars:


Innate Abilities, Weirdness & Mutations

Your plain brown scales are hard. (AC +5)
You cannot fit into any form of body armour.
You are cold-blooded and may be slowed by cold attacks.


Message History

Aiming: Searing Ray (safe; 4% risk of failure)
Press: ? - help, Shift-Dir - straight line, f - gnoll
Aim: a gnoll, wielding a halberd The searing ray hits the gnoll.
The gnoll is moderately wounded. (Press . to maintain the ray.)
The gnoll misses you.
The searing ray hits the gnoll.
The gnoll is heavily wounded.
The gnoll barely misses you.
The searing ray hits the gnoll.
The gnoll is severely wounded.
The gnoll closely misses you.
The gnoll hits you from afar with a halberd!
* * * LOW HITPOINT WARNING * * *
It was a potion of degeneration.
There was something very wrong with that liquid.
You feel weakened.
You feel dopey.
You feel clumsy. The gnoll hits you with a flail.
You die...

#.# # #.# #. ######.#
g####....#.# ..##.##...#
#g##.##..## ##g##.##..#
.#####.g.#.##..#
..[?...@...##..#########
######...####...........
##.## ##.#####.### #.#
#.# ##.# #.. ... #..#
#.. ##.# #.## #.. #.#
#.# ...# #.# #.# ..# #.#


You could see 3 gnolls.

Vanquished Creatures
  An adder (D:2)
  A worm (D:2)
  A leopard gecko (D:1)
  2 bats (D:1)
  2 hobgoblins (D:1)
  3 jackals (D:1)
  2 kobolds (D:1)
  A frilled lizard (D:1)
  4 goblins
  5 rats
22 creatures vanquished.

Notes
Turn   | Place    | Note
-------+----------+-------------------------------------------
     0 | D:1      | Heliocid the Draconian Conjurer began the quest for the
                  | Orb.
     0 | D:1      | Reached XP level 1. HP: 14/14 MP: 3/3
   343 | D:1      | Reached XP level 2. HP: 20/20 MP: 3/5
   347 | D:1      | Learned a level 2 spell: Searing Ray
  1150 | D:2      | Reached XP level 3. HP: 17/26 MP: 3/6
  1162 | D:2      | Slain by a gnoll

Vault maps used:
D:1:      zaba_arrival_water
D:2:      uniq_robin

Action                   || total
-------------------------++-------
Melee: Dagger            ||    41
       Unarmed           ||     5
       Tailslap          ||     3
 Cast: Magic Dart        ||    17
       Searing Ray       ||     2
  Use: Potion            ||     1
 Stab: Sleeping          ||     2
  Eat: Chunk             ||     1
Armor: Skin              ||    14
Dodge: Dodged            ||    40

Table legend:
 A = Non-vault XP
 B = Vault XP
 C = Vault XP percentage of total XP
 D = Non-vault monster count
 E = Vault monster count
 F = Vault count percentage of total count
                 A         B        C        D         E       F
            +---------+---------+-------+---------+---------+-------
      Total |      51 |       0 |   0.0 |      22 |       0 |   0.0
            +---------+---------+-------+---------+---------+-------
        D:1 |      29 |       0 |   0.0 |      17 |       0 |   0.0
        D:2 |      22 |       0 |   0.0 |       5 |       0 |   0.0
            +---------+---------+-------+---------+---------+-------
